 Dungeon Crawl Stone Soup version 0.29.1-12-g30fa7ad0bf (webtiles) character file.

Game seed: 5693688208461061327

163 venomsnake the Conjurer (level 5, -8/28 HPs)
             Began as a Deep Elf Conjurer on Dec 27, 2022.
             Mangled by a steam dragon (11 damage)
             ... on level 4 of the Dungeon.
             The game lasted 00:06:34 (3207 turns).

venomsnake the Conjurer (Deep Elf Conjurer)         Turns: 3207, Time: 00:06:34

Health: -8/28      AC:  2    Str:  4    XL:     5   Next: 20%
Magic:  2/14       EV: 12    Int: 25    God:
Gold:   154        SH:  0    Dex: 13    Spells: 6/13 levels left

rFire   . . .      SeeInvis .   (no weapon)
rCold   . . .      Faith    .   (no shield)
rNeg    . . .      Spirit   .   a - +0 robe
rPois   .          Reflect  .   (no helmet)
rElec   .          Harm     .   (no cloak)
rCorr   .          Rampage  .   (no gloves)
Will    .....                   (no boots)
Stlth   ++........              (no amulet)
HPRegen 0.09/turn               r - ring of wizardry
MPRegen 0.14/turn               (no ring)

@: very slightly contaminated
A: no striking features
a: no special abilities


You were on level 4 of the Dungeon.
You visited 1 branch of the dungeon, and saw 4 of its levels.

You collected 154 gold pieces.

Inventory:

Armour
 a - a +0 robe (worn)
Jewellery
 r - a ring of wizardry (left hand)
Scrolls
 c - a scroll of vulnerability {unknown}
 d - 4 scrolls of identify {unknown}
 e - a scroll of enchant weapon {unknown}
 f - a scroll of magic mapping {unknown}
 i - a scroll of poison {unknown}
 k - a scroll of teleportation {unknown}
 o - a scroll of brand weapon {unknown}
 p - a scroll of blinking {unknown}
Potions
 b - a potion of magic
 g - a potion of resistance {unknown}
 h - a potion of might {unknown}
 j - a potion of lignification {unknown}
 l - 2 potions of flight {unknown}
 m - a potion of haste {unknown}
 n - a potion of curing {unknown}
 q - a potion of heal wounds {unknown}


   Skills:
 - Level 2.4 Dodging
 - Level 2.4 Stealth
 + Level 4.9 Spellcasting
 + Level 5.4 Conjurations
 + Level 2.9 Translocations


You had 6 spell levels left.
You knew the following spells:

 Your Spells              Type           Power      Damage    Failure   Level
a - Magic Dart            Conj           100%       1d8       1%          1
b - Searing Ray           Conj           66%        2d6       1%          2
c - Iskenderun's Mystic   Conj/Tloc      27%        2d7       6%          4

Your spell library contained the following spells:

 Spells                   Type           Power      Damage    Failure   Level
 Dazzling Flash           Conj/Hex       38%        N/A       3%          3
 Fulminant Prism          Conj/Hex       9%         3d7       11%         4


Dungeon Overview and Level Annotations

Branches:
Dungeon (4/15)
 Temple: D:4-7

Altars:


Message History

The magic dart hits the steam dragon but does no damage.
The steam dragon is lightly wounded.
Casting: Magic Dart (safe; 1% risk of failure)
Confirm with . or Enter, or press ? or * to list all spells.
Aiming: Searing Ray (safe; 1% risk of failure)
Press: ? - help, Shift-Dir - straight line, f/p - steam dragon
Aim: a steam dragon (lightly wounded, 81% to hit)
The searing ray hits the steam dragon.
The steam dragon is moderately wounded. (Press . to maintain the ray.)
Casting: Searing Ray (safe; 1% risk of failure)
Confirm with . or Enter, or press ? or * to list all spells.
Restarting spell: Searing Ray (safe; 1% risk of failure)
Press: ? - help, Shift-Dir - straight line, f/p - steam dragon
Aim: a steam dragon (moderately wounded, 81% to hit)
The searing ray hits the steam dragon!
The steam dragon is severely wounded. (Press . to maintain the ray.)
Casting: Searing Ray (safe; 1% risk of failure)
Confirm with . or Enter, or press ? or * to list all spells.
The spell is quite dangerous to miscast (6% risk of failure)!
Continue anyway?
Uppercase [Y]es or [N]o only, please.
The spell is quite dangerous to miscast (6% risk of failure)!
Continue anyway?
You miscast Iskenderun's Mystic Blast.
You are very lightly contaminated with residual magic.
Nothing appears to happen.
The steam dragon breathes steam at you. The ball of steam hits you!!
Ouch! That really hurt!
Casting: Iskenderun's Mystic Blast (quite dangerous; 6% risk of failure)
Confirm with . or Enter, or press ? or * to list all spells.
Aiming: Magic Dart (safe; 1% risk of failure)
Press: ? - help, Shift-Dir - straight line, f/p - steam dragon
Aim: a steam dragon (severely wounded, catching its breath, 100% to hit)
The magic dart hits the steam dragon.
The steam dragon is severely wounded.
You are engulfed in a cloud of scalding steam.
* * * LOW HITPOINT WARNING * * *
The steam dragon bites you!
You die...

#...
###########..#####
..............†...
#............####
#..............#
#...........##...
#...........# ###
#.####...........#
#....@|..........+
######D..........#
#....'...........#
##.###...........#
#.###...........#
#.##.......#'#####
#.##.#####........
#.##.#........#.##
#.##.#†.......#


You could see a steam dragon (catching breath).

Vanquished Creatures
  A hound (D:4)
  Terence (D:2)
  A gnoll (D:1)
  2 adders (D:2)
  3 worms
  3 dart slugs
  9 ball pythons
  4 endoplasms
  2 giant cockroaches
  6 goblins
  8 hobgoblins
  2 quokkas
  7 bats
  6 frilled lizards
  5 kobolds
  9 rats
69 creatures vanquished.

Notes
Turn   | Place    | Note
-------+----------+-------------------------------------------
     0 | D:1      | venomsnake the Deep Elf Conjurer began the quest for the
                  | Orb.
     0 | D:1      | Reached XP level 1. HP: 10/10 MP: 6/6
   159 | D:1      | Found a faded altar of an unknown god.
   281 | D:1      | Reached XP level 2. HP: 15/15 MP: 6/8
   284 | D:1      | Learned a level 2 spell: Searing Ray
   398 | D:1      | Reached skill level 1 in Translocations
   829 | D:1      | Reached XP level 3. HP: 19/19 MP: 8/10
  1380 | D:2      | Noticed Terence
  1386 | D:2      | Killed Terence
  1387 | D:2      | Reached skill level 5 in Conjurations
  1387 | D:2      | Reached XP level 4. HP: 24/24 MP: 2/12
  1507 | D:2      | Identified the +1 ring mail "Duim" {+Blink rC- Will+ SInv}
  1673 | D:2      | HP: 1/24 [poisoned by an adder]
  2786 | D:4      | Reached XP level 5. HP: 19/28 MP: 7/14
  2887 | D:4      | Noticed a steam dragon
  3114 | D:4      | Learned a level 4 spell: Iskenderun's Mystic Blast
  3207 | D:4      | Mangled by a steam dragon

Illustrated notes

Levels and vault maps discovered:
D:1:      scummos_arrival_hexagon, layout_basic,
          shapermc_ecumenical_altar_pompeii,
          nicolae_concentric_dashed_squares_wild
D:2:      layout_rooms, serial_bayou_pond_c, kennysheep_generic_room_5,
          uniq_terence
D:3:      layout_rooms, minivault_25
D:4:      layout_basic, lemuel_blue_sif_altar, ebering_dispersal_statue_hall,
          uniq_ijyb

Skill      XL: |  1  2  3 |
---------------+----------+-----
Translocations | 1 2 |  2.9
Spellcasting   | 4 |  4.9
Conjurations   | 5 |  5.4
Dodging        | |  2.4
Stealth        | |  2.4

Action                   |  1- 3 |  4- 6 || total
-------------------------+-------+-------++-------
 Cast: Magic Dart        |    46 |    79 ||   125
       Searing Ray       |     5 |    10 ||    15
Armor: Robe              |     1 |     1 ||     2
Dodge: Dodged            |     1 |     5 ||     6
